 Dungeon Crawl Stone Soup version 0.29.1-1-gd02db6906a (webtiles) character file.

Game seed: 16406705798456215153

2332 mortz the Sneak (level 9, -2/46 HPs)
             Began as a Kobold Earth Elementalist on Sept 26, 2022.
             Was an Initiate of Vehumet.
             Slain by a manticore (14 damage)
             ... on level 7 of the Dungeon.
             The game lasted 00:44:17 (10360 turns).

mortz the Sneak (Kobold Earth Elementalist)        Turns: 10360, Time: 00:44:18

Health: -2/46      AC:  5    Str:  5    XL:     9   Next: 70%
Magic:  13/19      EV: 15    Int: 21    God:    Vehumet [......]
Gold:   245        SH:  0    Dex: 15    Spells: 16/22 levels left

rFire   . . .      SeeInvis .   a - +3 dagger (drain)
rCold   . . .      Faith    .   (no shield)
rNeg    . . .      Spirit   .   H - +0 robe
rPois   +          Reflect  .   B - +0 helmet
rElec   .          Harm     .   k - +1 cloak
rCorr   +          Rampage  .   (no gloves)
Will    .....                   (no boots)
Stlth   +++++.....              (no amulet)
HPRegen 0.15/turn               y - ring of poison resistance
MPRegen 0.16/turn               c - ring of resist corrosion

@: spiked
A: small, no large weapons, nightstalker 3
a: Renounce Religion


You were on level 7 of the Dungeon.
You worshipped Vehumet.
Vehumet was noncommittal.
You visited 2 branches of the dungeon, and saw 8 of its levels.

You collected 518 gold pieces.
You spent 273 gold pieces at shops.

Inventory:

Hand Weapons
 a - a +3 dagger of draining (weapon)
 b - the +6 hammer of Past Mistakes {venom, rC+ rN+ Int-4 SInv}
   (You found it on level 5 of the Dungeon)

   It poisons the flesh of those it strikes.
   Int:       It affects your intelligence (-4).
   rC:        It protects you from cold.
   rN:        It protects you from negative energy.
   SInv:      It lets you see invisible.
 f - a +0 hand axe
 n - a +5 falchion
 w - a +4 mace
 F - a +2 long sword of freezing
 I - a +0 spear of flaming
 K - a +5 trident
 L - a +1 dagger
Missiles
 p - 6 poisoned darts
 A - 2 throwing nets
Armour
 k - a +1 cloak (worn)
 o - a +0 leather armour
 s - the +1 Delatra's gloves {ID++}
   (You found it on level 3 of the Dungeon)

   It heals its wearer when they drink unknown potions.
   It restores its wearer's MP when they read unknown scrolls.
 B - a +0 helmet (worn)
 H - a +0 robe (worn)
Magical Staves
 v - a staff of cold
Jewellery
 c - a ring of resist corrosion (right hand)
 y - a ring of poison resistance (left hand)
Wands
 t - a wand of mindburst (7)
 E - a wand of flame (26)
Scrolls
 e - a scroll of identify
 m - 3 scrolls of blinking
 u - a scroll of fear
Potions
 d - 2 potions of flight
 g - 5 potions of curing
 h - a potion of invisibility
 i - 4 potions of heal wounds
 q - a potion of ambrosia
 x - 2 potions of magic
 z - 2 potions of attraction
 C - 3 potions of might {unknown}
 D - a potion of lignification {unknown}
 J - a potion of haste {unknown}


   Skills:
 + Level 0.9 Fighting
 + Level 2.4 Short Blades
 + Level 3.2 Dodging
 + Level 7.8 Stealth
 + Level 7.0 Spellcasting
 * Level 3.7 Conjurations
 * Level 4.2 Transmutations
 + Level 6.8 Earth Magic
 + Level 0.4 Evocations


You had 16 spell levels left.
You knew the following spells:

 Your Spells              Type           Power      Damage    Failure   Level
a - Sandblast             Erth           72%        2d16      1%          1
b - Passwall              Tmut/Erth      25%        N/A       1%          2
c - Stone Arrow           Conj/Erth      58%        3d10      3%          3

Your spell library contained the following spells:

 Spells                   Type           Power      Damage    Failure   Level
 Beastly Appendage        Tmut           50%        N/A       1%          1
 Wereblood                Tmut           25%        N/A       2%          2
 Apportation              Tloc           14%        N/A       9%          1
 Petrify                  Tmut/Erth      30%        N/A       9%          4
 Spider Form              Tmut/Pois      16%        N/A       11%         3
 Borgnjor's Vile Clutch   Necr/Erth      10%        N/A       52%         5
 Alistair's Intoxication  Tmut/Pois      10%        N/A       71%         5
 Eringya's Noxious Bog    Tmut/Pois      8%         N/A       99%         6
 Borgnjor's Revivificati  Necr           3%         N/A       100%        8
 Necromutation            Tmut/Necr      8%         N/A       100%        8
 Death's Door             Necr           3%         N/A       100%        9


Dungeon Overview and Level Annotations

Branches:
Dungeon (7/15) Zot: 25879  Temple (1/1) D:6 Zot: 5756

Altars:
Ashenzari
Cheibriados
Dithmenos
Elyvilon
Hepliaklqana
Okawaru
Qazlal
Ru
Sif Muna
Trog
Uskayaw
Vehumet
Xom
Yredelemnul
Zin
The Shining One

Shops:
D:5 :   D:6 !   D:7 *

Annotations:
D:3 Grinder
D:4 Eustachio
D:5 exclusion: ice beast


Innate Abilities, Weirdness & Mutations

You are small and have problems with some larger weapons.
You are completely attuned to the shadows.


Message History

You now have 245 gold pieces (gained 48).
Things that are here:
a +0 flail; a gnoll corpse
e - a scroll of identify
Things that are here:
a +0 spear; a +0 ring mail; a gnoll corpse
Found a stone staircase leading down.
Found a stone staircase leading down.
There is a stone staircase leading down here.
The blast of sand hits the manticore.
The manticore is lightly wounded.
The manticore flicks its tail.
The volley of spikes hits you!
The barbed spikes become lodged in your body.
The blast of sand hits the manticore!
The manticore is moderately wounded.
The manticore flicks its tail.
The volley of spikes hits you!
The barbed spikes become lodged in your body.
The blast of sand hits the manticore!
The manticore is heavily wounded.
The manticore flicks its tail.
The volley of spikes misses you.
The blast of sand hits the manticore!
The manticore is severely wounded.
The manticore flicks its tail.
The volley of spikes hits you.
The barbed spikes become lodged in your body.
The blast of sand hits the manticore but does no damage.
The manticore is severely wounded.
The manticore barely misses you. The manticore claws you!
The manticore claws you.
* * * LOW HITPOINT WARNING * * *
Casting: Sandblast (safe; 1% risk of failure)
Confirm with . or Enter, or press ? or * to list all spells.
Aiming: Passwall (safe; 1% risk of failure)
Press: ? - help, Dir - move target, p - manticore A rock wall.
The manticore bites you!
You die...

....###.............## #......#..
....##..[...........## #......#..
##...).[.............###.........
##...................#...........
###....................#.........
..).............>##..#.###.......
..###....#.......###H#.###......#
### ##...#......H###....####....#
######..........@##...#..##......
....#............##..##..#.##....
..#..............#...###.........
....##........#..#..##......#....
∩....####...#....................
....###.#......##.....#......##..
..≈..#........###..####.......###
.....#........####..... ......##
...#...........###..... ..[.....


You could see a manticore.

Vanquished Creatures
  A wyvern (D:7)
  A steam dragon (D:6)
  Edmund (D:6)
  A black bear (D:7)
  An ice beast (D:7)
  A sky beast (D:7)
  A centaur (D:6)
  An ogre (D:6)
  2 phantoms (D:6)
  2 gnoll sergeants
  2 necrophages
  3 scorpions (D:6)
  7 wights
  3 hounds
  A jelly (D:6)
  An orc priest (D:7)
  Crazy Yiuf (D:5)
  Jessica (D:2)
  An iguana (D:6)
  4 orc wizards
  7 gnolls
  5 adders
  2 white imps
  An ufetubus (D:6)
  A worm (D:2)
  3 dart slugs
  19 orcs
  10 endoplasms
  8 giant cockroaches
  9 goblins
  4 hobgoblins
  3 jackals (D:5)
  A quokka (D:3)
  6 ball pythons
  3 bats
  2 frilled lizards
  8 kobolds
  5 rats
133 creatures vanquished.

Notes
Turn   | Place    | Note
-------+----------+-------------------------------------------
     0 | D:1      | mortz the Kobold Earth Elementalist began the quest for the
                  | Orb.
     0 | D:1      | Reached XP level 1. HP: 10/10 MP: 3/3
   180 | D:1      | Reached XP level 2. HP: 15/15 MP: 1/5
   310 | D:1      | You fall into a shaft and drop 1 floor!
   563 | D:2      | Noticed Jessica
   567 | D:2      | Killed Jessica
   568 | D:2      | Reached XP level 3. HP: 19/19 MP: 6/6
   585 | D:2      | Learned a level 2 spell: Passwall
   662 | D:2      | Reached XP level 4. HP: 24/24 MP: 3/7
   666 | D:2      | Learned a level 3 spell: Stone Arrow
   987 | D:1      | Found a faded altar of an unknown god.
  2252 | D:1      | Found a faded altar of an unknown god.
  3441 | D:3      | Reached XP level 5. HP: 28/28 MP: 9/9
  3557 | D:3      | Found a glowing golden altar of the Shining One.
  3859 | D:3      | Found a bloodstained altar of Trog.
  3882 | D:3      | Found a glowing silver altar of Zin.
  4101 | D:3      | Noticed Grinder
  4396 | D:3      | Reached skill level 1 in Short Blades
  4482 | D:3      | Found the +1 Delatra's gloves {ID++}
  4766 | D:4      | Noticed Eustachio
  4998 | D:4      | Reached XP level 6. HP: 29/32 MP: 5/11
  5548 | D:5      | Entered Level 5 of the Dungeon
  5779 | D:5      | Found Beuh's Vocational Training.
  5784 | D:5      | Noticed an ice beast
  5858 | D:5      | Found a snail-covered altar of Cheibriados.
  6038 | D:5      | Found a runed translucent door.
  6041 | D:5      | Noticed Crazy Yiuf
  6046 | D:5      | Killed Crazy Yiuf
  6047 | D:5      | Reached skill level 5 in Stealth
  6051 | D:5      | Identified the +6 hammer of Past Mistakes {venom, rC+ rN+
                  | Int-4 SInv}
  6140 | D:5      | Reached XP level 7. HP: 36/36 MP: 13/13
  6156 | D:5      | Found a shimmering altar of Xom.
  6401 | D:6      | Found Gani's Distillery.
  6410 | D:6      | Bought a potion of heal wounds for 65 gold pieces
  6410 | D:6      | Bought a potion of heal wounds for 65 gold pieces
  6410 | D:6      | Bought a potion of magic for 104 gold pieces
  6410 | D:6      | Bought a potion of flight for 39 gold pieces
  6445 | D:6      | Reached skill level 5 in Earth Magic
  6524 | D:6      | Reached skill level 1 in Conjurations
  6527 | D:6      | Found a staircase to the Ecumenical Temple.
  6534 | Temple   | Entered the Ecumenical Temple
  6743 | Temple   | Became a worshipper of Vehumet
  6856 | D:6      | Reached XP level 8. HP: 41/41 MP: 15/15
  6911 | D:6      | Reached skill level 5 in Spellcasting
  6949 | D:6      | Noticed Edmund
  8326 | D:6      | Found a staircase to the Ecumenical Temple.
  8545 | D:6      | Found Gani's Distillery.
  9108 | D:6      | Killed Edmund
  9109 | D:6      | Reached XP level 9. HP: 39/46 MP: 11/18
  9496 | D:7      | Found Orasud's Elemental Accessories.
  9793 | D:7      | Noticed a manticore
 10360 | D:7      | Slain by a manticore

Illustrated notes

Levels and vault maps discovered:
D:1:      lemuel_arrival_rhombus, layout_basic, chequers_ecumenical_altar_island
D:2:      layout_loops_ring, grunt_decor_clamped, kennysheep_nondescript,
          kennysheep_generic_room_4, uniq_jessica
D:3:      minmay_spotlight, layout_basic, trog_three_pillars_becter,
          mainiacjoe_overflow_cross_hatched, tso_metal_star,
          pf_guarded_unrand_delatra, uniq_grinder
D:4:      layout_loops_ring, uniq_eustachio
D:5:      layout_cave_pools, xom_teletrap_fun, mainiacjoe_overflow_alcove_2,
          nicolae_shop_vocational, uniq_crazy_yiuf_cottage
D:6:      layout_rooms, minmay_temple_entry_arrows, serial_shops,
          nicolae_square_shop, minmay_starry_boxes, uniq_edmund
D:7:      layout_cave_pools, nicolae_elemental_shop
Temple:   bh_familiar_temple

Skill      XL: |  1  2  3  4  5  6  7  8  9 |
---------------+----------------------------+-----
Stealth        | 3 4 5 6 7 |  7.8
Earth Magic    | 4 5 6 |  6.8
Spellcasting   | 3 4 6 7 |  7.0
Short Blades   | 1 2 |  2.4
Conjurations   | 1 2 3 |  3.7
Transmutations | 2 3 4 |  4.2
Dodging        | 3 |  3.2
Fighting       | |  0.9
Evocations     | |  0.4

Action                   |  1- 3 |  4- 6 |  7- 9 || total
-------------------------+-------+-------+-------++-------
Melee: Dagger            |     7 |    31 |    20 ||    58
 Cast: Sandblast         |    20 |    72 |   115 ||   207
       Passwall          |       |     1 |     2 ||     3
       Stone Arrow       |       |       |     2 ||     2
Evoke: Wand              |       |       |     3 ||     3
  Use: Potion            |     1 |       |       ||     1
       Scroll            |       |    10 |     9 ||    19
 Stab: Sleeping          |     6 |    28 |    18 ||    52
Armor: Robe              |     1 |     7 |    11 ||    19
Dodge: Dodged            |    12 |    35 |    77 ||   124
